 Dungeon Crawl Stone Soup version 0.22.1-1-ga44c0e56f4 (webtiles) character file.

194 Ivernyr the Digger (level 5, -1/42 HPs)
             Began as a Deep Dwarf Earth Elementalist on Sept 29, 2018.
             Killed from afar by an orc wizard (8 damage)
             ... with a magic dart
             ... on level 3 of the Dungeon on Sept 30, 2018.
             The game lasted 00:13:01 (1758 turns).

Ivernyr the Digger (Deep Dwarf Earth Elementalist)  Turns: 1758, Time: 00:13:02

Health: -1/42      AC:  2    Str: 12    XL:     5   Next: 44%
Magic:  9/9        EV: 13    Int: 16    God:
Gold:   114        SH:  0    Dex: 13    Spells: 3/9 levels left

rFire    . . .     SeeInvis .   g - +0 dagger (venom)
rCold    . . .     Gourm    .   (no shield)
rNeg     . . .     Faith    .   c - +0 robe (curse)
rPois    .         Spirit   .   (no helmet)
rElec    .         Reflect  .   (no cloak)
rCorr    .         Harm     .   (no gloves)
MR       .....                  (no boots)
Stlth    ++........             (no amulet)
HPRegen  0.00/turn              (no ring)
MPRegen  0.11/turn              (no ring)

@: non-regenerating
A: damage resistance, heal wounds, sense surroundings 1, no regeneration
a: Heal Wounds


You were on level 3 of the Dungeon.
You were very hungry.

You visited 1 branch of the dungeon, and saw 3 of its levels.

You collected 114 gold pieces.

Inventory:

Hand Weapons
 g - a +0 dagger of venom (weapon)
Missiles
 b - 40 stones (quivered)
Armour
 c - a cursed +0 robe (worn)
Wands
 k - a wand of polymorph (12)
Scrolls
 a - 3 scrolls of identify {unknown}
 h - a scroll of enchant armour {unknown}
 i - 2 scrolls of teleportation {unknown}
 l - a scroll of fog {unknown}
Potions
 e - a potion of agility {unknown}
 f - 2 potions of haste {unknown}
 j - a potion of lignification {unknown}
 m - a potion of curing {unknown}
 n - a potion of berserk rage {unknown}
Comestibles
 d - 5 rations


   Skills:
 + Level 3.6 Dodging
 - Level 2.4 Stealth
 + Level 2.8 Spellcasting
 - Level 0.8 Transmutations
 * Level 6.5 Earth Magic


You had 3 spell levels left.
You knew the following spells:

 Your Spells              Type           Power        Failure   Level  Hunger
a - Sandblast             Erth           ###...       1%          1    #......
b - Passwall              Tmut/Erth      ##......     6%          2    ##.....
c - Stone Arrow           Conj/Erth      ##....       16%         3    ###....

Your spell library contained the following spells:

 Spells                   Type           Power        Failure   Level  Hunger
 Lee's Rapid Deconstruct  Erth           ###.......   36%         5    ######.
 Petrify                  Tmut/Erth      ##......     38%         4    #####..


Dungeon Overview and Level Annotations

Branches:
Dungeon (3/15)

Altars:


Innate Abilities, Weirdness & Mutations

You are resistant to damage.
You can heal yourself by infusing magical energy.
You passively map a small area around you.
You do not regenerate.


Message History

The orc wizard hits you but does no damage.
You closely miss the orc wizard. The orc wizard barely misses you.
You hit the orc wizard.
The orc wizard is poisoned.
The orc wizard is lightly wounded.
The orc wizard casts a spell at you. The puff of frost hits you!
* * * LOW HITPOINT WARNING * * *
You hit the orc wizard.
The orc wizard looks as sick as possible!
The orc wizard is heavily wounded.
The orc barely misses you.
The orc wizard hits you with an enchanted dagger.
* * * LOW HITPOINT WARNING * * *
You hit the orc wizard.
The orc wizard looks as sick as possible!
The orc wizard is severely wounded.
The orc closely misses you. The orc wizard casts a spell at you.
The magic dart hits you!
You die...

* .. * * .# , ,
* * , .# *
####*.# * ,
,..##.# * * *
#.#).# * ,* , *
, ###.#.# * ,
##..###..$.<# *
......o@....#* ,
......o........#
* , , ,
.###.##........#
, * # #.......##
, * ,
*>#......##, *
#.)...## 8 * *
,* .....## ,
##.#### , * ,


You could see an orc wizard and an orc.

Vanquished Creatures
  An orc priest (D:3)
  An orc wizard (D:2)
  Natasha (thrice) (D:2)
  An adder (D:2)
  2 worms (D:2)
  A dart slug (D:2)
  4 orcs
  2 bats
  A giant cockroach (D:2)
  9 goblins
  11 hobgoblins
  2 quokkas (D:2)
  3 kobolds
  A rat (D:1)
42 creatures vanquished.

Notes
Turn   | Place    | Note
-------+----------+-------------------------------------------
     0 | D:1      | Ivernyr the Deep Dwarf Earth Elementalist began the quest
                  | for the Orb.
     0 | D:1      | Reached XP level 1. HP: 15/15 MP: 3/3
   478 | D:2      | Reached XP level 2. HP: 22/22 MP: 3/5
   504 | D:2      | Learned a level 2 spell: Passwall
   670 | D:2      | Reached XP level 3. HP: 12/28 MP: 6/6
   680 | D:2      | Reached skill level 5 in Earth Magic
   702 | D:2      | Learned a level 3 spell: Stone Arrow
  1117 | D:2      | Reached XP level 4. HP: 36/36 MP: 3/7
  1265 | D:2      | Noticed Natasha
  1271 | D:2      | Killed Natasha
  1526 | D:2      | Noticed Natasha
  1532 | D:2      | Killed Natasha
  1532 | D:2      | Reached skill level 6 in Earth Magic
  1669 | D:2      | Noticed Natasha
  1673 | D:2      | Killed Natasha
  1673 | D:2      | Reached XP level 5. HP: 33/42 MP: 4/9
  1758 | D:3      | Killed from afar by an orc wizard

Skill      XL: |  1  2  3  4 |
---------------+-------------+-----
Spellcasting   | 2 |  2.8
Earth Magic    | 5 6 |  6.5
Dodging        | 3 |  3.6
Stealth        | |  2.4
Transmutations | |  0.8

Action                   |  1- 3 |  4- 6 || total
-------------------------+-------+-------++-------
Melee: Unarmed           |    14 |       ||    14
       Dagger            |    54 |    44 ||    98
 Cast: Sandblast         |    15 |    11 ||    26
 Abil: Heal Wounds       |     1 |       ||     1
 Stab: Sleeping          |     2 |     1 ||     3
  Eat: Chunk             |       |     2 ||     2
Armor: Robe              |     8 |     3 ||    11
Dodge: Dodged            |    34 |    21 ||    55
